 Seeded DCSS version 0.30-a0-883-g5ad918d77d (webtiles) character file.

Game seed: 20230315 (custom seed)

354 a11behringer the Covered (level 6, -5/55 HPs)
             Began as an Armataur Fighter on Mar 15, 2023.
             Was an Initiate of Ru.
             Slain by a bullfrog (7 damage)
             ... on level 6 of the Dungeon.
             The game lasted 00:06:14 (2582 turns).

a11behringer the Covered (Armataur Fighter)         Turns: 2582, Time: 00:06:14

Health: -5/55      AC: 10    Str: 23    XL:     6   Next: 35%
Magic:  6/6        EV:  5    Int:  8    God:    Ru [......]
Gold:   121        SH:  4    Dex: 10    Spells: 5/5 levels left

rFire   . . .      SeeInvis .    a - +0 flail
rCold   . . .      Faith    .    c - +0 buckler
rNeg    . . .      Spirit   .    j - +0 chain mail
rPois   .          Reflect  .    (no helmet)
rElec   .          Roll     +    (no cloak)
rCorr   .                        n - +0 pair of gloves
Will    .....                    (no barding) Stlth
                                 h - amulet of regeneration
HPRegen 1.09/turn                (no ring)
MPRegen 0.10/turn                (no ring)

@: lethally poisoned (-5 -> -7)
A: large, rugged brown scales 3, deformed body, armoured tail, roll, long
tongue, awkward tongue
a: Renounce Religion


You were on level 6 of the Dungeon.
You worshipped Ru.
Ru was noncommittal.
You visited 1 branch of the dungeon, and saw 5 of its levels.

You collected 121 gold pieces.

Inventory:

Hand Weapons
 a - a +0 flail (weapon)
 d - a +4 scythe of protection
Armour
 b - a +0 scale mail
 c - a +0 buckler (worn)
 j - a +0 chain mail (worn)
 n - a +0 pair of gloves (worn)
Jewellery
 h - an amulet of regeneration (around neck)
Scrolls
 f - 2 scrolls of identify {unknown}
 k - a scroll of poison {unknown}
 m - a scroll of teleportation {unknown}
 o - a scroll of vulnerability {unknown}
 p - a scroll of blinking {unknown}
Potions
 e - a potion of flight {unknown}
 g - a potion of ambrosia {unknown}
 i - 4 potions of attraction {unknown}
 l - a potion of mutation {unknown}


   Skills:
 + Level 3.7 Fighting
 * Level 4.1 Maces & Flails
 + Level 5.0 Armour
 + Level 4.5 Shields


You had 5 spell levels left.
You didn't know any spells.
Your spell library contained the following spells:

 Spells                   Type           Power      Damage    Failure   Level
 Magic Dart               Conj           0%         1d3       98%         1
 Blink                    Tloc           0%         N/A       99%         2
 Call Imp                 Summ           0%         N/A       99%         2
 Lesser Beckoning         Tloc           0%         N/A       99%         2
 Momentum Strike          Conj/Tloc      0%         3d8       99%         2
 Inner Flame              Hex/Fire       0%         N/A       100%        3
 Mephitic Cloud           Conj/Pois/Air  0%         N/A       100%        3
 Flame Wave               Conj/Fire      0%         2d4       100%        4
 Sticky Flame             Conj/Fire      0%         2d3       100%        4


Dungeon Overview and Level Annotations

Branches:
Dungeon (4/15)
 Temple: D:4-7

Altars:
Ru


Innate Abilities, Weirdness & Mutations

You are completely covered in rugged brown scales. (AC +3, +7% HP)
Armour fits poorly on your strangely shaped body.
You have a long armoured tail.
You roll when moving toward enemies. (Rampage)
Your long tongue fully drains potion bottles. (2x potion effects)
Your tongue gives you trouble enunciating. (1.5x scroll delay)


Message History

You feel sick. You block the hound's attack.
The scorpion attacks as you move away! The scorpion stings you.
You feel sick. The bullfrog hits you. The scorpion stings you.
The bullfrog attacks as you move away! You block the bullfrog's attack.
You feel sick.
A kobold comes into view. It is wielding a +0 dagger.
You feel sick.
The kobold shouts!
You hear a shout!
The bullfrog hits you but does no damage.
A kobold brigand comes into view.
It is wielding a +0 short sword and quivering poisoned darts.
You hear a shout!
You roll towards the kobold!
You feel sick.
You hear a shout! x2
You feel sick.
You see here 14 gold pieces.
You feel sick. The bullfrog hits you.
The kobold brigand throws a poisoned dart.
The poisoned dart hits you!
You are more poisoned.
The bullfrog attacks as you move away! The bullfrog closely misses you.
You feel very sick. The bullfrog hits you.
* * * LOW HITPOINT WARNING * * *
The bullfrog attacks as you move away! You block the bullfrog's attack.
The scorpion attacks as you move away! The scorpion stings you.
* * * LOW HITPOINT WARNING * * *
You are lethally poisoned!
The scorpion poisons you!
* * * LOW HITPOINT WARNING * * *
You feel very sick.
Unknown command.
* * * LOW HITPOINT WARNING * * *
You feel very sick.
The bullfrog hits you but does no damage.
* * * LOW HITPOINT WARNING * * *
You feel very sick. The bullfrog attacks as you move away!
The bullfrog barely misses you.
* * * LOW HITPOINT WARNING * * *
You feel sick. The bullfrog hits you!
You die...

# #. #.## #..!
.##...########## ....
..#.......#..... .....
###.#.........####. .....
.......@Fh........ ......
##...#.###.##....
......#####.#..# #.s# .
......).#.....# ##o5# .
#.#........###.$K#.K..
#................KK....
..................###.....
......$.......#.### #.###
.#.#.#..........# .#


You could see a bullfrog and a hound.

Vanquished Creatures
  Sigmund (D:2)
  Terence (D:2)
  6 adders
  3 gnolls (D:3)
  A worm (D:2)
  5 dart slugs
  5 orcs
  6 ball pythons
  6 endoplasms
  3 giant cockroaches
  3 goblins
  4 hobgoblins (D:3)
  4 jackals (D:1)
  6 kobolds
  2 quokkas
  5 bats
  3 frilled lizards (D:2)
  5 rats
69 creatures vanquished.

Notes
Turn   | Place    | Note
-------+----------+-------------------------------------------
     0 | D:1      | a11behringer the Armataur Fighter began the quest for the
                  | Orb.
     0 | D:1      | Reached XP level 1. HP: 19/19 MP: 1/1
   142 | D:1      | Reached XP level 2. HP: 26/26 MP: 2/2
  1054 | D:2      | Reached XP level 3. HP: 28/32 MP: 3/3
  1063 | D:2      | Reached skill level 4 in Armour
  1124 | D:2      | Noticed Terence
  1133 | D:2      | Killed Terence
  1229 | D:2      | Noticed Sigmund
  1235 | D:2      | Killed Sigmund
  1236 | D:2      | Reached XP level 4. HP: 29/40 MP: 4/4
  1236 | D:2      | Reached XP level 5. HP: 35/48 MP: 5/5
  1610 | D:2      | Reached XP level 6. HP: 35/54 MP: 6/6
  1652 | D:2      | Identified the +4 leather armour "Oghigh" {rPois rN+}
  1877 | D:3      | Found a sacrificial altar of Ru.
  1919 | D:3      | Became a worshipper of Ru the Awakened
  2542 | D:4      | Reached skill level 5 in Armour
  2554 | D:4      | You fall into a shaft and drop 2 floors!
  2582 | D:6      | HP: 2/55 [poisoned by a scorpion]
  2582 | D:6      | Slain by a bullfrog

Illustrated notes

Levels and vault maps discovered:
D:1:      amcnicky_arrival_underground_garden, layout_loops_corners,
          corexii_item_surrounded_by_moat
D:2:      layout_basic, minmay_heptomino_d4, uniq_terence, uniq_sigmund
D:3:      layout_basic, mainiacjoe_overflow_brackets, grunt_ministairs_15
D:4:      layout_rooms
D:6:      lemuel_ratsnest, layout_rooms, gammafunk_temple_overflow_statue

Skill      XL: |  1  2  3  4  5  6 |
---------------+-------------------+-----
Maces & Flails | 2 3 4 |  4.1
Armour         | 4 5 |  5.0
Fighting       | 3 |  3.7
Shields        | 4 |  4.5

Action                     |  1- 3 |  4- 6 || total
---------------------------+-------+-------++-------
  Melee: Flail             |    96 |   107 ||   203
         Tailslap          |     5 |     7 ||    12
    Use: Potion            |     1 |       ||     1
 Armour: Scale mail        |    44 |       ||    44
         Chain mail        |     8 |    90 ||    98
  Dodge: Dodged            |    29 |    27 ||    56
  Block: Buckler           |    21 |    29 ||    50

Table legend: (Time is in decaauts)
 A = Elapsed time spent in this place.
 B = Non-inter-level travel time spent in this place.
 C = Inter-level travel time spent in this place.
 D = Time resting spent in this place.
 E = Time spent auto-exploring this place.
 F = Levels seen in this place.
 G = Mean time per level.
                   A        B        C        D        E       F      G
               +--------+--------+--------+--------+--------+-----+--------+
         Total |   2636 |   2440 |    196 |      0 |   1985 |   5 |  527.2 |
       Dungeon |   2636 |   2440 |    196 |      0 |   1985 |   5 |  527.2 |
               +--------+--------+--------+--------+--------+-----+--------+

Top non-repeatable levels by time:
     D:1: 1065 daAuts
     D:2: 812 daAuts
     D:3: 708 daAuts
     D:6: 29 daAuts
     D:4: 19 daAuts
